Map: Romanticide LE

Players

Trap - Winner!

  • Race: Protoss Protoss
  • Spawn Location: 11:00

Dream

  • Race: Terran Terran
  • Spawn Location: 5:00

Event: IEM Katowice 2021

VOD

Have the link to the VOD?

Description

Time

  • Played on: Feb. 24, 2021, 1:10 p.m.
  • Length: 13:42

All games in this series

Show
View Real Time Build Order
Export as new Build Order

Trap Protoss - Winner!

Build Orders: 1 Gate Expand, Blink Stalkers 

Get SALT Encoding   

  12  0:00  Probe  
  13  0:12  Probe  
  14  0:17  Pylon  
  14  0:24  Probe (Chrono Boost)  
  16  0:36  Gateway, Probe (Chrono Boost)  
  16  0:43  Probe (Chrono Boost)  
  16  0:47  Assimilator  
  17  0:50  Probe  
  18  1:03  Probe  
  19  1:15  Probe  
  20  1:23  Cybernetics Core  
  20  1:31  Nexus  
  20  1:40  Pylon  
  20  1:42  Probe  
  21  1:49  Assimilator  
  22  1:54  Probe  
  22  1:56  Stalker (Chrono Boost)  
  22  2:01  Warp Gate  
  24  2:06  Probe  
  25  2:18  Adept (Chrono Boost), Probe  
  28  2:29  Twilight Council  
  28  2:30  Probe  
  29  2:40  Adept  
  29  2:43  Probe (Chrono Boost)  
  33  2:49  Probe (Chrono Boost)  
  33  2:53  Probe (Chrono Boost)  
  33  2:57  Probe (Chrono Boost)  
  33  2:58  Probe (Chrono Boost)  
  35  3:01  Blink (Chrono Boost)  
  36  3:08  Probe  
  37  3:17  Probe  
  37  3:19  Robotics Facility  
  38  3:20  Probe  
  39  3:27  Gateway  
  39  3:31  Gateway  
  39  3:32  Probe x2  
  41  3:40  Gateway  
  41  3:49  Pylon, Stalker  
  41  3:53  Probe x2  
  44  4:04  Warp Prism (Chrono Boost)  
  44  4:05  Pylon  
  46  4:12  Stalker  
  46  4:15  Probe x2  
  50  4:28  Stalker x2  
  51  4:55  Stalker x3  
  51  4:56  Stalker  
  59  5:04  Pylon, Observer  
  59  5:05  Assimilator  
  60  5:08  Probe x2  
  62  5:22  Probe x2  
  61  5:28  Stalker x3  
  61  5:29  Zealot  
  67  5:41  Probe x2 (Chrono Boost)  
  65  5:52  Probe x2 (Chrono Boost)  
  65  5:59  Stalker x2  
  69  6:05  Probe x2  
  69  6:13  Assimilator  
  69  6:17  Probe  
  70  6:19  Nexus  
  70  6:21  Pylon, Charge  
  70  6:22  Pylon  
  70  6:31  Forge  
  70  6:34  Pylon  
  70  6:39  Probe x2 (Chrono Boost)  
  72  6:43  Immortal  
  76  6:49  Probe x2 (Chrono Boost)  
  76  6:54  Probe (Chrono Boost)  
  76  6:57  Probe  
  67  7:04  Protoss Ground Weapons Level 1  
  67  7:06  Probe (Chrono Boost), Gateway x2  
  68  7:11  Templar Archives  
  68  7:12  Probe (Chrono Boost)  
  69  7:17  Sentry x2  
  69  7:18  Probe (Chrono Boost)  
  75  7:24  Probe x2 (Chrono Boost)  
  75  7:26  Psionic Storm  
  76  7:32  Probe  
  76  7:33  Probe  
  78  7:40  Gateway  
  78  7:41  Gateway  
  78  7:42  Probe  
  79  7:44  Assimilator, Probe  
  79  7:45  Assimilator, Observer (Chrono Boost), Probe  
  82  7:54  Probe  
  82  7:55  Zealot x2  
  82  7:56  Probe  
  82  7:57  Probe, High Templar  
  82  7:58  High Templar  
  93  8:07  Probe  
  93  8:08  Probe  
  93  8:09  Probe  
  93  8:11  Immortal (Chrono Boost)  
  100  8:15  Shield Battery  
  100  8:17  Pylon  
  100  8:20  High Templar  
  100  8:23  Probe x3  
  105  8:29  High Templar  
  105  8:30  Zealot  
  109  8:36  Pylon  
  109  8:44  Zealot x4  
  109  8:47  Pylon  
  116  8:49  Pylon, Observer (Chrono Boost)  
  116  8:52  Shield Battery  
  116  8:54  Pylon  
  117  8:57  Nexus  
  117  8:58  High Templar x2  
  119  9:08  Archon  
  117  9:10  Zealot  
  117  9:11  Zealot x4, Protoss Ground Armor Level 1 (Chrono Boost)  
  117  9:16  Probe x3  
  126  9:26  Archon  
  126  9:30  Stalker x2, Zealot  
  126  9:31  Zealot x2  
  124  9:34  Zealot  
  124  9:35  Immortal  
  124  9:37  Zealot x2  
  112  9:38  Probe x2  
  112  9:39  Probe  
  107  9:55  Stalker x2  
  107  9:56  Stalker x2  
  115  10:01  Zealot x2  
  115  10:02  Sentry  
  105  10:14  Zealot  
  105  10:17  Immortal (Chrono Boost)  
  111  10:28  Observer  
  95  10:36  Probe x3  
  95  10:37  Probe  
  95  10:39  High Templar x7  
  95  10:40  Observer  
  109  10:46  Gateway x2  
  109  10:48  Warp Prism (Chrono Boost)  
  109  10:49  Gateway  
  109  10:51  Archon x2  
  109  10:56  Protoss Ground Weapons Level 2 (Chrono Boost), Photon Cannon  
  111  11:02  Zealot  
  113  11:04  Shield Battery  
  113  11:06  Pylon  
  113  11:07  Shield Battery  
  113  11:08  Shield Battery  
  113  11:11  High Templar x2  
  113  11:14  Sentry  
  113  11:15  Zealot x4  
  113  11:16  Immortal (Chrono Boost), Archon  
  131  11:33  Photon Cannon  
  131  11:35  Assimilator  
  131  11:38  Assimilator  
  131  11:39  Stalker x2  
  131  11:40  Zealot x5  
  131  11:44  Zealot x3  
  131  11:46  Immortal (Chrono Boost)  
  129  12:07  Zealot x7  
  129  12:08  Zealot x3  
  137  12:15  Warp Prism (Chrono Boost)  
  125  12:24  Robotics Facility  
  125  12:26  Robotics Bay  
  124  12:32  High Templar x3  
  124  12:33  Zealot x7, High Templar  
  146  12:40  Archon  
  146  12:41  Archon  
  150  12:44  Immortal (Chrono Boost)  
  150  13:00  Zealot x3, High Templar x4  
  150  13:02  Pylon  
  150  13:04  Archon x2  
  150  13:05  Stalker x3  
  170  13:07  Stalker  
  170  13:08  Pylon  
  170  13:11  Pylon  
  156  13:29  Archon  
  156  13:31  Zealot x6  
  156  13:32  Zealot x3  
  152  13:36  Zealot x7  
  152  13:37  Zealot x2  
Show
View Real Time Build Order
Export as new Build Order

Dream Terran 

Build Orders:  

Get SALT Encoding   

  12  0:00  SCV  
  13  0:12  SCV  
  14  0:16  Supply Depot  
  14  0:24  SCV  
  15  0:38  SCV, Barracks  
  16  0:43  Refinery  
  16  0:50  SCV  
  17  1:02  SCV  
  18  1:14  SCV  
  19  1:25  Marine  
  20  1:26  Orbital Command  
  20  1:39  Command Center  
  20  1:51  Factory  
  20  1:54  SCV  
  21  2:02  Supply Depot  
  21  2:03  Barracks Reactor  
  21  2:08  SCV  
  22  2:14  Bunker  
  22  2:20  SCV  
  23  2:24  Refinery  
  23  2:32  SCV  
  24  2:40  Starport  
  24  2:42  Hellion  
  24  2:44  Hellion  
  28  2:47  SCV  
  29  2:55  Orbital Command  
  29  2:59  SCV  
  30  3:06  Widow Mine  
  30  3:10  Widow Mine  
  30  3:11  SCV  
  35  3:18  Medivac  
  37  3:22  SCV  
  37  3:23  SCV  
  39  3:30  Widow Mine  
  39  3:31  Widow Mine  
  39  3:33  Supply Depot  
  43  3:37  SCV  
  44  3:41  SCV  
  44  3:45  Barracks Tech Lab  
  45  3:49  SCV, Supply Depot, Refinery  
  45  3:55  SCV  
  47  4:00  Starport Tech Lab  
  47  4:01  SCV  
  47  4:02  Supply Depot  
  48  4:07  SCV  
  49  4:10  Marine x2  
  49  4:13  SCV, Siege Tank  
  53  4:19  SCV  
  54  4:25  SCV  
  54  4:28  Marine x2  
  55  4:31  SCV  
  55  4:32  Raven  
  55  4:37  SCV  
  59  4:43  SCV  
  56  4:45  Marine  
  56  4:46  Marine  
  56  4:47  Barracks  
  56  4:48  Engineering Bay  
  56  4:49  Bunker  
  56  4:50  SCV  
  56  4:51  Bunker  
  57  4:53  Siege Tank  
  57  4:55  SCV  
  61  5:03  SCV, Marine  
  61  5:04  Marine  
  61  5:06  Supply Depot  
  64  5:08  SCV  
  63  5:16  SCV  
  63  5:20  Raven, SCV  
  63  5:21  Marine x2  
  60  5:32  SCV x2  
  61  5:38  Siege Tank  
  61  5:39  Marine x2  
  65  5:46  SCV x2  
  57  5:57  Marine x2  
  57  5:58  SCV  
  57  6:03  SCV  
  61  6:10  SCV  
  61  6:13  Terran Infantry Weapons Level 1  
  61  6:15  SCV, Command Center, Marine  
  63  6:21  Marine  
  63  6:23  SCV  
  65  6:27  SCV  
  65  6:30  Stimpack  
  64  6:34  Marine x2, Supply Depot  
  64  6:35  SCV  
  64  6:39  SCV  
  68  6:43  Starport Reactor  
  69  6:47  SCV, Barracks  
  69  6:51  SCV  
  69  6:52  Marine x2  
  68  6:55  Marine  
  68  6:59  SCV  
  67  7:02  Factory Reactor  
  67  7:03  SCV  
  67  7:07  Barracks  
  67  7:08  Barracks  
  68  7:10  Marine  
  68  7:11  SCV, Supply Depot  
  68  7:12  Supply Depot  
  68  7:13  Marauder, Marine, Refinery  
  73  7:15  SCV  
  74  7:23  Medivac x2, SCV  
  74  7:27  SCV x2  
  80  7:35  SCV, Marine x2  
  80  7:40  SCV  
  80  7:43  Marauder x2  
  84  7:44  Supply Depot  
  84  7:45  Orbital Command  
  84  7:46  Combat Shield  
  84  7:47  SCV  
  84  7:52  SCV  
  84  7:54  Medivac  
  84  7:56  Supply Depot, Barracks Reactor  
  84  7:58  Barracks Tech Lab  
  87  7:59  SCV  
  87  8:03  Marine x2  
  87  8:04  SCV  
  91  8:06  Medivac, Marine x2  
  91  8:11  SCV  
  96  8:15  Supply Depot  
  96  8:16  SCV, Supply Depot, Terran Infantry Armor Level 1, Orbital Command  
  96  8:18  Marauder  
  99  8:21  Marine  
  99  8:22  Concussive Shells  
  99  8:23  SCV  
  99  8:26  Marauder  
  103  8:28  SCV  
  103  8:33  Marauder, Marine x2  
  108  8:34  Marine  
  108  8:36  SCV  
  108  8:37  Widow Mine x2  
  108  8:39  Marauder  
  108  8:40  SCV  
  117  8:42  SCV  
  117  8:47  Marauder, Marine  
  117  8:48  SCV  
  122  8:51  Marine  
  122  8:52  SCV  
  122  8:54  SCV  
  122  8:55  Marauder, Marine, Supply Depot  
  127  8:56  Marine  
  127  9:00  SCV, Marauder  
  127  9:02  Widow Mine x2  
  135  9:04  SCV  
  135  9:07  SCV  
  127  9:11  Marauder, Marine x2  
  127  9:12  SCV  
  127  9:16  Marauder  
  134  9:20  Medivac x2, SCV x2  
  134  9:21  Marine  
  134  9:22  Marauder  
  134  9:23  Widow Mine x2  
  145  9:24  SCV  
  145  9:30  Marine  
  131  9:32  SCV x2, Marauder  
  131  9:36  SCV  
  131  9:38  Marauder  
  118  9:40  Marine x2  
  118  9:43  Marauder  
  118  9:44  SCV, Widow Mine  
  118  9:45  SCV, Widow Mine  
  110  9:48  SCV  
  110  9:50  Medivac  
  110  9:52  Medivac  
  113  9:54  Marauder  
  113  9:56  SCV, Marine x2  
  113  9:57  SCV  
  113  9:58  Marine  
  113  9:59  Marauder  
  120  10:05  Marauder  
  112  10:09  Marine  
  112  10:13  SCV x3  
  85  10:14  Marine x2  
  85  10:15  Marauder  
  85  10:17  Widow Mine  
  85  10:19  Medivac  
  91  10:25  SCV x2  
  91  10:26  Marine  
  91  10:28  SCV  
  75  10:37  SCV x2, Marauder  
  75  10:40  SCV  
  75  10:42  Medivac  
  82  10:48  Ghost Academy  
  82  10:49  Marine x2  
  84  10:50  Marine  
  84  10:55  Marauder  
  84  10:56  Marauder  
  89  10:58  Marine  
  89  10:59  Marauder  
  89  11:04  Widow Mine x2  
  96  11:08  Marine x2  
  98  11:14  SCV x3  
  98  11:15  Marine, Refinery x2  
  98  11:16  Marauder  
  98  11:17  Marine  
  98  11:18  Marauder  
  107  11:21  Ghost  
  109  11:31  Marine x2  
  111  11:34  Widow Mine x2  
  111  11:37  Ghost  
  111  11:38  Marine x2, Ghost  
  119  11:42  SCV x2  
  117  11:48  Marine  
  117  11:49  Ghost  
  117  11:52  Marine  
  116  11:56  Marine x2  
  116  11:58  Widow Mine  
  116  12:00  Widow Mine  
  118  12:05  Ghost  
  118  12:06  Marine  
  118  12:07  Ghost  
  110  12:10  Marine  
  110  12:13  Marine  
  110  12:14  Marine  
  94  12:17  Medivac  
  94  12:18  Ghost  
  94  12:19  SCV x3, Widow Mine  
  94  12:21  Widow Mine  
  105  12:24  Marine  
  105  12:28  Marine  
  106  12:31  Marine  
  106  12:32  Marine  
  106  12:35  Marauder, Command Center  
  110  12:39  Ghost  
  110  12:41  Widow Mine  
  110  12:42  Widow Mine, Marine  
  117  12:48  Marauder, Marine  
  120  12:56  Marauder  
  122  12:59  Marine x2  
  122  13:00  Marine  
  125  13:06  Marine  
  125  13:08  Marauder  
  128  13:13  Marauder  
  128  13:17  Marauder, Marine x3, Engineering Bay, Armory  
  135  13:23  Marine  

Tags
 
Add a new tag
Caveats
  • Supply blocks, unpowered buildings, or Contaminate may cause inaccurate times.
  • Supply counts are checked every 10 seconds.